 Dungeon Crawl Stone Soup version 0.31-a0-240-gb923e448b6 (webtiles) character file.

Game seed: 5021311745315402474

74 qw the Shooter (level 4, -1/36 HPs)
             Began as a Minotaur Hexslinger on July 11, 2023.
             Slain by Terence
             ... wielding a +0 trident
              (6 damage)
             ... on level 2 of the Dungeon.
             The game lasted 00:00:35 (1346 turns).

qw the Shooter (Minotaur Hexslinger)                Turns: 1346, Time: 00:00:35

Health: -1/36      AC:  3    Str: 10 (13) XL:     4   Next: 9%
Magic:  4/4        EV: 11    Int:  8 (10) God:
Gold:   54         SH:  0    Dex: 13 (14) Spells: 4/5 levels left

rFire   . . .        Y - +2 sling
rCold   . . .        (no shield)
rNeg    . . .        j - +0 leather armour
rPois   .            (helmet restricted)
rElec   .            (no cloak)
rCorr   .            (no gloves)
SInv    .            (no boots)
Will    .....        (no amulet)
Stlth   +            (no ring)
HPRegen 0.26/turn    (no ring)
MPRegen 0.09/turn

%: no passive effects
@: no status effects
A: horns 2, retaliatory headbutt
a: no special abilities


You were on level 2 of the Dungeon.
You visited 1 branch of the dungeon, and saw 2 of its levels.

You collected 54 gold pieces.


Innate Abilities, Weirdness & Mutations

You have a pair of horns on your head.
You reflexively headbutt those who attack you in melee.


   Skills:
 - Level 2.0 Fighting
 + Level 4.6 Ranged Weapons
 - Level 2.1 Dodging
 - Level 1.0 Spellcasting
 - Level 2.0 Hexes


You had 4 spell levels left.
You knew the following spells:

 Your Spells              Type           Power      Damage    Failure   Level
a - Slow                  Hex            12%        N/A       24%         1

Your spell library contained the following spells:

 Spells                   Type           Power      Damage    Failure   Level
 Inner Flame              Hex/Fire       2%         N/A       71%         3
 Portal Projectile        Hex/Tloc       4%         N/A       71%         3
 Cause Fear               Hex            1%         N/A       93%         4

Inventory:

Hand Weapons
 Y - a +2 sling (weapon)
Armour
 c - a +0 ring mail
 j - a +0 leather armour (worn)
Jewellery
 a - a ring of magical power
 e - a ring of ice
Scrolls
 b - a scroll of identify {unknown}
 d - a scroll of amnesia {unknown}
 f - a scroll of summoning {unknown}
Potions
 k - a potion of enlightenment {unknown}

Dungeon Overview and Level Annotations

Branches:
Dungeon (2/15)

Altars:

Annotations:
D:2 Terence


Message History

Enter note:
Enter note:
Enter note:
Enter note:
Enter note:
Enter note:
Enter note:
Enter note:
Enter note:
Enter note:
Enter note:
Enter note:
Enter note:
Enter note:
Enter note:
Enter note:
Enter note:
Enter note:
Enter note:
Enter note:
Enter note:
Enter note:
Enter note:
Enter note:
Enter note:
Enter note:
Enter note:
Enter note:
Enter note:
Enter note:
Enter note:
Enter note: You shoot a sling bullet.
The sling bullet hits Terence but does no damage.
Terence is moderately wounded.
Terence hits you with a +0 trident!
You shoot a sling bullet. The sling bullet hits Terence.
Terence is severely wounded.
Terence hits you with a +0 trident.
You die...

#.......... ### ..
##......#...
....####.[.......
................. .
................. ## #
....#####'##..#.# ....
... #.# ..#.#.. ###.# #
###.##....... .....
#....@....... . ....
#.#.@#....#..# .####.#
#.....................
#.#..#...?...#..##....
.......................
....#...................
................ .##....
###. ..#........
..##.... .........


You could see Terence.

Vanquished Creatures
  Natasha (D:2)
  An adder (D:2)
  5 bats (D:1)
  7 endoplasms (D:1)
  A giant cockroach (D:1)
  4 goblins
  3 jackals (D:1)
  2 kobolds (D:1)
  A quokka (D:1)
  4 ball pythons
  4 frilled lizards (D:1)
  7 rats
40 creatures vanquished.

Notes
Turn   | Place    | Note
-------+----------+-------------------------------------------
     0 | D:1      | qw the Minotaur Hexslinger began the quest for the Orb.
     0 | D:1      | Reached XP level 1. HP: 16/16 MP: 1/1
     0 | D:1      | 0 ||| qw: Version: 0.3-a-52-g30416fa
     0 | D:1      | 0 ||| qw: Game counter: 6121
     0 | D:1      | 0 ||| qw: Melee chars always use a shield: true
     0 | D:1      | 0 ||| qw: God list: Okawaru
     0 | D:1      | 0 ||| qw: Allow faded altars: false
     0 | D:1      | 0 ||| qw: Do Orc after clearing Dungeon:15 true
     0 | D:1      | 0 ||| qw: Do second Lair branch before Depths: true
     0 | D:1      | 0 ||| qw: Lair rune preference: random
     0 | D:1      | 0 ||| qw: Goals: Normal
     0 | D:1      | 0 ||| PLANNING D:1-11
   100 | D:1      | Reached skill level 3 in Ranged Weapons
   111 | D:1      | Reached XP level 2. HP: 23/23 MP: 2/2
   125 | D:1      | 125 ||| FLEEEEING.
   548 | D:1      | Reached XP level 3. HP: 23/29 MP: 3/3
   833 | D:1      | Found a faded altar of an unknown god.
   835 | D:1      | 835 ||| UPGRADING to +0 leather armour.
   845 | D:1      | 845 ||| DROPPING +0 robe.
   846 | D:1      | 846 ||| READING scroll labelled SUPLEE XIBAV.
   847 | D:1      | 847 ||| READING 2 scrolls labelled FUEPLA QYOD.
   848 | D:1      | 848 ||| READING scroll labelled OFAUMN CAITUTU.
   849 | D:1      | 849 ||| DRINKING 2 sedimented pink potions.
   850 | D:1      | 850 ||| DRINKING 2 coppery potions.
   851 | D:1      | 851 ||| DROPPING scroll of poison.
   852 | D:1      | 852 ||| DROPPING potion of degeneration.
   853 | D:1      | 853 ||| DROPPING scroll of vulnerability.
   988 | D:2      | Reached skill level 4 in Ranged Weapons
  1016 | D:2      | Noticed Natasha
  1024 | D:2      | Killed Natasha
  1025 | D:2      | Reached XP level 4. HP: 27/36 MP: 4/4
  1333 | D:2      | Noticed Terence
  1341 | D:2      | HP: 8/36 [Terence/+0 trident (5)]
  1342 | D:2      | 1342 ||| DRINKING potion of heal wounds.
  1346 | D:2      | Slain by Terence

Levels and vault maps discovered:
D:1:      eino_arrival_cavern_a, layout_loops_ring,
          shapermc_ecumenical_altar_hornbeckon, minmay_heptomino_h4
D:2:      layout_basic, uniq_natasha, uniq_terence

Skill      XL: |  1  2  3 |
---------------+----------+-----
Ranged Weapons | 3 4 |  4.6
Fighting       | 2 |  2.0
Dodging        | |  2.1
Spellcasting   | |  1.0
Hexes          | |  2.0

Action                     |  1- 3 |  4- 6 || total
---------------------------+-------+-------++-------
   Fire: Sling             |    97 |    11 ||   108
    Use: Scroll            |     3 |       ||     3
         Potion            |     2 |     1 ||     3
 Armour: Robe              |     2 |       ||     2
  Dodge: Dodged            |    20 |       ||    20

Table legend:
 A = Non-vault XP
 B = Vault XP
 C = Vault XP percentage of total XP
 D = Non-vault monster count
 E = Vault monster count
 F = Vault count percentage of total count
                 A         B        C        D         E       F
            +---------+---------+-------+---------+---------+-------
      Total |      67 |      39 |  36.8 |      36 |       4 |  10.0
            +---------+---------+-------+---------+---------+-------
        D:1 |      48 |       4 |   7.7 |      30 |       3 |   9.1
        D:2 |      19 |      35 |  64.8 |       6 |       1 |  14.3
            +---------+---------+-------+---------+---------+-------
